 Dungeon Crawl Stone Soup version 0.21.1-1-g345015fe64 (webtiles) character file.

1611 Norrik the Carver (level 8, -1/73 HPs)
             Began as a Minotaur Monk on Apr 26, 2018.
             Was a Priest of Okawaru.
             Shot with an arrow by a centaur (7 damage)
             ... on level 7 of the Dungeon.
             The game lasted 00:15:01 (5122 turns).

Norrik the Carver (Minotaur Monk)                   Turns: 5122, Time: 00:15:02

Health: -1/73      AC:  6    Str: 21    XL:     8   Next: 63%
Magic:  7/7        EV: 14    Int:  7    God:    Okawaru [***...]
Gold:   296        SH:  0    Dex: 13    Spells: 7/7 levels left

rFire    . . .     SeeInvis .   a - +0 falchion
rCold    . . .     Gourm    .   (no shield)
rNeg     . . .     Faith    .   n - +0 ring mail
rPois    .         Spirit   .   (helmet restricted)
rElec    .         Reflect  .   (no cloak)
rCorr    .         Harm     +   (no gloves)
MR       .....     Clarity  +   (no boots)
Stlth    +.........             e - amulet of harm
HPRegen  0.62/turn              f - ring of flight
MPRegen  0.10/turn              u - +3 ring of strength

@: no status effects
A: retaliatory headbutt, hooves 1, horns 2, clarity, regeneration 1
a: Heroism, Renounce Religion, Evoke Flight


You were on level 7 of the Dungeon.
You worshipped Okawaru.
Okawaru was most pleased with you.
You were not hungry.

You visited 2 branches of the dungeon, and saw 8 of its levels.

You collected 317 gold pieces.
You spent 21 gold pieces at shops.

Inventory:

Hand Weapons
 a - a +0 falchion (weapon)
Missiles
 k - 263 stones (quivered)
Armour
 b - a +0 robe
 n - a +0 ring mail (worn)
Jewellery
 e - an amulet of harm (around neck)
 f - a ring of flight (left hand)
 u - a +3 ring of strength (right hand)
Wands
 t - a wand of iceblast (6)
 v - a wand of polymorph (15)
 y - a wand of disintegration (11)
 C - a wand of enslavement (10)
Scrolls
 d - a scroll of noise
 g - 3 scrolls of enchant weapon {unknown}
 h - 3 scrolls of identify
 i - 2 scrolls of magic mapping
 l - 3 scrolls of remove curse
 m - 2 scrolls of blinking
 p - 4 scrolls of enchant armour {unknown}
 r - 2 scrolls of amnesia {unknown}
 w - a scroll of teleportation {unknown}
Potions
 j - a potion of flight
 q - a potion of lignification {unknown}
 s - a potion of heal wounds {unknown}
 x - a potion of mutation
 z - 2 potions of curing {unknown}
 A - a potion of might {unknown}
 B - a potion of haste {unknown}
 E - a potion of agility {unknown}
Books
 o - a Fen Folio

   Spells                             Type                      Level
   a - Corpse Rot                     Necromancy                   2
   b - Stone Arrow                    Conjuration/Earth            3
   c - Leda's Liquefaction            Hexes/Earth                  4
   d - Summon Forest                  Summoning/Translocation      5
   e - Hydra Form                     Transmutation                6
   f - Summon Hydra                   Summoning                    7
Comestibles
 c - 14 rations


   Skills:
 + Level 7.0 Fighting
 * Level 9.2 Long Blades
 + Level 5.8 Armour
 + Level 5.5 Dodging
 - Level 1.5 Stealth
 + Level 1.1 Invocations


You had 7 spell levels left.
You didn't know any spells.

Dungeon Overview and Level Annotations

Branches:
Dungeon (7/15)             Temple (1/1) D:5

Altars:
Ashenzari
Cheibriados
Dithmenos
Elyvilon
Fedhas
Gozag
Hepliaklqana
Kikubaaqudgha
Makhleb
Nemelex Xobeh
Okawaru
Qazlal
Ru
Sif Muna
Trog
Uskayaw
Vehumet
Wu Jian
Xom
Yredelemnul
Zin
The Shining One

Shops:
D:4 *   D:6 *

Annotations:
D:7 Prince Ribbit


Innate Abilities, Weirdness & Mutations

You reflexively headbutt those who attack you in melee.
You have a pair of horns on your head.
You have large cloven feet.
You possess an exceptional clarity of mind.
Your natural rate of healing is unusually fast.


Message History

Items here: ( ) †† an arrow; a flail; a killer bee corpse x2
You see here a spear.
Prince Ribbit comes into view.
Prince Ribbit gives a loud, deep croak!
The centaur shoots an arrow.
The arrow hits you.
* * * LOW HITPOINT WARNING * * *
Items here: % ( ) ÷ an arrow; a spear; a chunk of flesh; a gnoll skeleton A crimson imp comes into view.
The centaur shoots an arrow.
The arrow hits you!
* * * LOW HITPOINT WARNING * * *
Items here: % ( ) ÷ 2 arrows; a spear; a chunk of flesh; a gnoll skeleton It was a potion of mutation.
You feel extremely strange.
Your feet thicken and deform.
Your thoughts seem clearer.
You begin to heal more quickly.
The centaur shoots an arrow.
The arrow misses you.
Prince Ribbit blinks!
The centaur shoots an arrow.
The arrow hits you.
You die...

.... ...
##.#. #.#.#
#....
#.#.####
#.....#c#....
#.....#.#...
#......#..#
####.#<#..#
#.#(#..# #
#)@..# ####§#
.... ......:
.......##
#.......#
........#
........y5


You could see a centaur.

Vanquished Creatures
  Grinder (D:5)
  Duvessa (D:4)
  A sky beast (D:6)
  An ice beast (D:6)
  An ogre (D:5)
  2 bullfrogs (D:6)
  Dowan (D:4)
  2 scorpions
  4 killer bees (D:7)
  A crimson imp (D:6)
  2 bullfrog zombies
  A hound (D:7)
  The ghost of Tsuchinokai the Conjurer, a weakling SpCj (D:3)
  2 jellies
  A bullfrog skeleton (D:5)
  2 centaur skeletons
  An iguana (D:6)
  3 worker ants
  A worker ant zombie (D:6)
  Robin (D:4)
  4 gnolls
  12 adders
  2 worms
  2 leopard geckos
  3 orcs
  4 giant cockroaches
  9 goblins
  14 hobgoblins
  3 jackals (D:2)
  3 quokkas
  7 bats
  5 frilled lizards
  5 kobolds
  A quokka zombie (D:5)
  2 rats (D:1)
106 creatures vanquished.

Vanquished Creatures (others)
  A dart slug (D:5)
  An orc (D:5)
  A quokka (D:5)
  A frilled lizard (D:5)
4 creatures vanquished.

Grand Total: 110 creatures vanquished

Notes
Turn   | Place    | Note
-------+----------+-------------------------------------------
     0 | D:1      | Norrik the Minotaur Monk began the quest for the Orb.
     0 | D:1      | Reached XP level 1. HP: 19/19 MP: 0/0
    62 | D:1      | Reached skill level 4 in Long Blades
   289 | D:1      | Reached XP level 2. HP: 20/27 MP: 1/1
   317 | D:1      | Reached skill level 1 in Armour
   433 | D:1      | Reached XP level 3. HP: 32/33 MP: 2/2
   957 | D:2      | Reached skill level 5 in Long Blades
   957 | D:2      | Reached XP level 4. HP: 41/41 MP: 3/3
  1544 | D:3      | Noticed Tsuchinokai's ghost (weakling SpCj)
  1559 | D:3      | Killed Tsuchinokai's ghost
  1559 | D:3      | Reached XP level 5. HP: 10/47 MP: 4/4
  1931 | D:3      | Reached skill level 6 in Long Blades
  1959 | D:3      | Reached skill level 5 in Fighting
  2273 | D:4      | Found a stormy altar of Qazlal.
  2322 | D:4      | Noticed Robin
  2329 | D:4      | Killed Robin
  2385 | D:4      | Found Reih's Assorted Antiques.
  2391 | D:4      | Bought a scroll labeled GOUVEIPEFF for 21 gold pieces
  2462 | D:4      | Noticed Duvessa
  2462 | D:4      | Noticed Dowan
  2768 | D:4      | Killed Duvessa
  2768 | D:4      | Reached XP level 6. HP: 28/56 MP: 5/5
  2935 | D:4      | Killed Dowan
  3317 | D:5      | Entered Level 5 of the Dungeon
  3317 | D:5      | Found a staircase to the Ecumenical Temple.
  3324 | Temple   | Entered the Ecumenical Temple
  3433 | Temple   | Became a worshipper of Warmaster Okawaru
  3433 | Temple   | Reached * piety under Okawaru
  3433 | Temple   | Reached ** piety under Okawaru
  3487 | D:5      | Noticed Grinder
  3490 | D:5      | Paralysed by Grinder for 2 turns
  3495 | D:5      | Paralysed by Grinder for 6 turns
  3690 | D:5      | Killed Grinder
  3690 | D:5      | Reached skill level 7 in Long Blades
  3690 | D:5      | Reached XP level 7. HP: 53/62 MP: 4/6
  3907 | D:5      | Found a shimmering altar of Xom.
  4486 | D:6      | Reached skill level 8 in Long Blades
  4573 | D:6      | Reached *** piety under Okawaru
  4573 | D:6      | Reached skill level 5 in Armour
  4573 | D:6      | Reached XP level 8. HP: 49/71 MP: 7/7
  4656 | D:6      | Reached skill level 5 in Dodging
  4768 | D:6      | Found Peohisku's General Store.
  5045 | D:7      | Reached skill level 9 in Long Blades
  5073 | D:7      | Reached skill level 1 in Invocations
  5119 | D:7      | Noticed Prince Ribbit
  5122 | D:7      | Gained mutation: You have large cloven feet. [potion of mutation]
  5122 | D:7      | Gained mutation: You possess an exceptional clarity of mind. [potion of mutation]
  5122 | D:7      | Gained mutation: Your natural rate of healing is unusually fast. [potion of mutation]
  5122 | D:7      | Shot with an arrow by a centaur

Skill      XL: |  1  2  3  4  5  6  7  8 |
---------------+-------------------------+-----
Long Blades    | 4 5 6 7 8 9 |  9.2
Armour         | 1 2 3 4 5 |  5.8
Fighting       | 4 5 6 7 |  7.0
Dodging        | 4 5 |  5.5
Invocations    | 1 |  1.1
Stealth        | |  1.5

Action                   |  1- 3 |  4- 6 |  7- 9 || total
-------------------------+-------+-------+-------++-------
Melee: Falchion          |    42 |   139 |   103 ||   284
       Headbutt          |     8 |    21 |    28 ||    57
       Unarmed           |       |     4 |       ||     4
Invok: Heroism           |       |     2 |     2 ||     4
  Use: Scroll            |       |     5 |       ||     5
       Potion            |       |       |     1 ||     1
 Stab: Sleeping          |     1 |     4 |       ||     5
  Eat: Chunk             |       |     7 |     3 ||    10
       Ration            |       |     1 |       ||     1
Armor: Robe              |     7 |     8 |       ||    15
       Ring mail         |       |    29 |    24 ||    53
Dodge: Dodged            |    40 |    71 |    67 ||   178
       Rpst.: Falchion   |    12 |    13 |    12 ||    37
